 Dungeon Crawl Stone Soup version 0.29-a0-352-g0917bc69df (webtiles) character file.

Game seed: 18323407308919325406

639 101zpm the Gusty (level 7, -2/51 HPs)
             Began as a Gnoll Air Elementalist on Apr 24, 2022.
             Was an Initiate of Qazlal.
             Succumbed to a killer bee's poison
             ... on level 5 of the Dungeon.
             The game lasted 00:15:42 (3295 turns).

101zpm the Gusty (Gnoll Air Elementalist)           Turns: 3295, Time: 00:15:42

Health: -2/51      AC:  4    Str:  8    XL:     7   Next: 51%
Magic:  14/15      EV: 14    Int: 16    God:    Qazlal [......]
Gold:   232        SH:  0    Dex: 14    Spells: 7/17 levels left

rFire   . . .      SeeInvis .   s - +9 scythe of Ignis, Building {freeze, +Blink Dex+2}
rCold   . . .      Faith    .   (shield currently unavailable)
rNeg    . . .      Spirit   .   a - +0 robe
rPois   .          Reflect  .   (no helmet)
rElec   .          Harm     .   (no cloak)
rCorr   .          Rampage  .   d - +1 pair of gloves
Will    .....                   (no boots)
Stlth   +++.......              (no amulet)
HPRegen 0.17/turn               (no ring)
MPRegen 0.14/turn               (no ring)

@: lethally poisoned (-2 -> -24)
A: fangs 1, strong nose, distributed training
a: Renounce Religion, Evoke Blink


You were on level 5 of the Dungeon.
You worshipped Qazlal.
Qazlal was noncommittal.
You visited 2 branches of the dungeon, and saw 6 of its levels.
You also visited: Ossuary.

You collected 232 gold pieces.

Inventory:

Hand Weapons
 s - the +9 scythe of Ignis, Building (weapon) {freeze, +Blink Dex+2}
   (You found it on level 5 of the Dungeon)

   It freezes those it strikes, dealing additional cold damage.
   It can also slow down cold-blooded creatures.
   Dex:       It affects your dexterity (+2).
   +Blink:    It lets you blink.
 u - the +3 hunting sling "Isugal" {flame, rPois}
   (You found it on level 5 of the Dungeon)

   Any ammunition fired from it burns those it strikes, dealing additional fire
   damage.
   rPois:     It protects you from poison.
Armour
 a - a +0 robe (worn)
 d - a +1 pair of gloves (worn)
Jewellery
 g - a ring of see invisible
 p - an amulet of regeneration
Wands
 h - a wand of mindburst (16)
Scrolls
 b - 2 scrolls of vulnerability
 c - 3 scrolls of fear
 i - a scroll of silence
 k - a scroll of fog
 o - 2 scrolls of identify
 q - a scroll of enchant armour {unknown}
 t - a scroll of magic mapping {unknown}
Potions
 e - a potion of attraction {unknown}
 f - a potion of curing
 j - a potion of haste {unknown}
 l - 3 potions of mutation {unknown}
 m - 2 potions of flight {unknown}
 n - a potion of lignification {unknown}
 r - a potion of magic


   Skills:
 + Level 2.5 Fighting
 + Level 2.5 Short Blades
 + Level 2.5 Long Blades
 + Level 2.5 Axes
 + Level 2.5 Maces & Flails
 + Level 2.5 Polearms
 + Level 2.5 Staves
 + Level 2.5 Slings
 + Level 2.5 Bows
 + Level 2.5 Crossbows
 + Level 2.5 Throwing
 + Level 2.5 Armour
 + Level 5.2 Dodging
 + Level 4.9 Stealth
 + Level 2.5 Shields
 + Level 2.5 Unarmed Combat
 + Level 5.6 Spellcasting
 + Level 3.0 Conjurations
 + Level 2.0 Hexes
 + Level 2.0 Summonings
 + Level 2.0 Necromancy
 + Level 2.0 Translocations
 + Level 2.0 Transmutations
 + Level 2.0 Fire Magic
 + Level 2.0 Ice Magic
 + Level 5.8 Air Magic
 + Level 2.0 Earth Magic
 + Level 2.0 Poison Magic
 + Level 2.8 Invocations
 + Level 2.5 Evocations


You had 7 spell levels left.
You knew the following spells:

 Your Spells              Type           Power      Damage    Failure   Level
a - Shock                 Conj/Air       72%        1d7       2%          1
b - Airstrike             Air            11%        N/A       13%         4
c - Static Discharge      Conj/Air       18%        N/A       3%          2
d - Ozocubu's Armour      Ice            11%        N/A       19%         3

Your spell library contained the following spells:

 Spells                   Type           Power      Damage    Failure   Level
 Swiftness                Air            23%        N/A       3%          3
 Sublimation of Blood     Necr           11%        N/A       9%          2
 Petrify                  Tmut/Erth      11%        N/A       52%         4
 Irradiate                Conj/Tmut      6%         3d15      80%         5
 Metabolic Englaciation   Hex/Ice        5%         N/A       86%         5
 Simulacrum               Ice/Necr       5%         N/A       100%        6


Dungeon Overview and Level Annotations

Branches:
Dungeon (5/15)             Temple (1/1) D:5         Ossuary (visited)

Altars:
Ashenzari
Cheibriados
Dithmenos
Gozag
Kikubaaqudgha
Makhleb
Nemelex Xobeh
Qazlal
Ru
Sif Muna
Trog
Vehumet
Wu Jian
Yredelemnul
Zin


Innate Abilities, Weirdness & Mutations

You have very sharp teeth.
Your uncanny sense of smell can sniff out nearby items.
Your experience applies equally to all skills.


Message History

A killer bee comes into view.
The killer bee barely misses you. The killer bee stings you!
The killer bee closely misses you. The killer bee barely misses you.
The killer bee stings you.
You are poisoned.
The killer bee poisons you!
There is an open door, spattered with blood here.
You feel very sick.
The killer bee stings you but does no damage.
You miss the killer bee.
You bite the killer bee, but do no damage.
The killer bee is lightly wounded.
You feel very sick. The killer bee barely misses you.
The killer bee stings you.
You are more poisoned.
The killer bee poisons you! The killer bee barely misses you.
The zap hits the killer bee.
The killer bee is lightly wounded.
You feel very sick. The killer bee stings you.
You are lethally poisoned!
The killer bee poisons you! The killer bee closely misses you.
You are too injured to fight recklessly!
You are too injured to fight recklessly!
You are too injured to fight recklessly!
You hit the killer bee. You freeze the killer bee.
The killer bee is severely wounded.
* * * LOW HITPOINT WARNING * * *
You feel extremely sick.
The killer bee barely misses you. x2; The killer bee closely misses you.
The killer bee stings you.
* * * LOW HITPOINT WARNING * * *
You are more poisoned.
The killer bee poisons you!
You slash the killer bee! You freeze the killer bee.
You kill the killer bee!
Qazlal accepts your kill.
You die...

#..#.#......
####..#....####
#.....#.......#
#.###.#.####....$..
#.# #...#######....
#.# ###.......# ...
#.# #.......# y
##.#####.......#
#.....@†......<#
#....###.......#
#....# #########
#....# #....#
#....# #....#
#....# #....#


There were no monsters in sight!

Vanquished Creatures
  2 elf zombies (Ossuary)
  A necrophage (D:5)
  4 killer bees
  A hound (D:4)
  A gnoll shaman (Temple)
  2 jellies
  A hound zombie (Ossuary)
  4 mummies (Ossuary)
  4 gnolls (D:5)
  4 adders (D:4)
  An ufetubus (D:4)
  An adder zombie (Ossuary)
  2 worms
  2 dart slugs (D:4)
  4 orcs
  4 endoplasms
  A giant cockroach (D:4)
  A goblin (D:4)
  2 hobgoblins
  3 ball pythons
  A frilled lizard (D:1)
  4 hobgoblin zombies
  4 kobolds
  2 kobold zombies (Ossuary)
  An orc zombie (D:4)
  3 rat zombies (Ossuary)
60 creatures vanquished.

Notes
Turn   | Place    | Note
-------+----------+-------------------------------------------
     0 | D:1      | 101zpm the Gnoll Air Elementalist began the quest for the
                  | Orb.
     0 | D:1      | Reached XP level 1. HP: 13/13 MP: 6/6
   251 | D:1      | Reached XP level 2. HP: 19/19 MP: 4/7
   789 | D:4      | Reached skill level 5 in Spellcasting
   789 | D:4      | Reached XP level 3. HP: 21/25 MP: 2/9
   854 | D:4      | Noticed a killer bee
   859 | D:4      | Killed a killer bee
   859 | D:4      | Noticed a killer bee
   860 | D:4      | Reached skill level 1 in Fighting
   860 | D:4      | Reached skill level 1 in Short Blades
   860 | D:4      | Reached skill level 1 in Long Blades
   860 | D:4      | Reached skill level 1 in Axes
   860 | D:4      | Reached skill level 1 in Maces & Flails
   860 | D:4      | Reached skill level 1 in Polearms
   860 | D:4      | Reached skill level 1 in Staves
   860 | D:4      | Reached skill level 1 in Slings
   860 | D:4      | Reached skill level 1 in Bows
   860 | D:4      | Reached skill level 1 in Crossbows
   860 | D:4      | Reached skill level 1 in Throwing
   860 | D:4      | Reached skill level 1 in Armour
   860 | D:4      | Reached skill level 1 in Shields
   860 | D:4      | Reached skill level 1 in Unarmed Combat
   860 | D:4      | Reached skill level 1 in Invocations
   860 | D:4      | Reached skill level 1 in Evocations
   860 | D:4      | Reached XP level 4. HP: 17/32 MP: 2/11
  1109 | D:4      | Learned a level 4 spell: Airstrike
  1116 | D:4      | Reached skill level 1 in Hexes
  1116 | D:4      | Reached skill level 1 in Summonings
  1116 | D:4      | Reached skill level 1 in Necromancy
  1116 | D:4      | Reached skill level 1 in Translocations
  1116 | D:4      | Reached skill level 1 in Transmutations
  1116 | D:4      | Reached skill level 1 in Fire Magic
  1116 | D:4      | Reached skill level 1 in Ice Magic
  1116 | D:4      | Reached skill level 1 in Earth Magic
  1116 | D:4      | Reached skill level 1 in Poison Magic
  1200 | D:4      | Found a sand-covered staircase.
  1221 | Ossuary  | Entered an ossuary
  1269 | Ossuary  | HP: 1/32 [hound zombie (3)]
  1271 | Ossuary  | Reached XP level 5. HP: 1/37 MP: 7/12
  1477 | Ossuary  | Reached XP level 6. HP: 13/44 MP: 6/13
  1838 | Ossuary  | Reached skill level 5 in Dodging
  2271 | D:4      | Reached XP level 7. HP: 50/50 MP: 10/15
  2362 | D:5      | Entered Level 5 of the Dungeon
  2639 | D:5      | Found a staircase to the Ecumenical Temple.
  2659 | Temple   | Entered the Ecumenical Temple
  2940 | Temple   | Became a worshipper of Qazlal Stormbringer
  2944 | Temple   | Learned a level 2 spell: Static Discharge
  2948 | Temple   | Learned a level 3 spell: Ozocubu's Armour
  3106 | D:5      | Identified the +9 scythe of Ignis, Building {freeze, +Blink
                  | Dex+2}
  3135 | D:5      | Identified the +3 hunting sling "Isugal" {flame, rPois}
  3295 | D:5      | Succumbed to a killer bee's poison

Illustrated notes

Levels and vault maps discovered:
D:1:      psy_arrival_dodecagon, layout_loops_corners,
          hellmonk_ecumenical_altar_crossroads
D:2:      layout_basic, serial_shops, shop, kennysheep_generic_room_8,
          uniq_terence, uniq_jessica, uniq_robin
D:3:      layout_loops_corners, uniq_sigmund
D:4:      layout_basic, enter_ossuary_3
D:5:      layout_basic, minmay_temple_entry_tees
Temple:   regret_index_temple_waves

Skill      XL: |  1  2  3  4  5  6  7 |
---------------+----------------------+-----
Conjurations   | 2 3 |  3.0
Spellcasting   | 5 |  5.6
Fighting       | 1 2 |  2.5
Short Blades   | 1 2 |  2.5
Long Blades    | 1 2 |  2.5
Axes           | 1 2 |  2.5
Maces & Flails | 1 2 |  2.5
Polearms       | 1 2 |  2.5
Staves         | 1 2 |  2.5
Slings         | 1 2 |  2.5
Bows           | 1 2 |  2.5
Crossbows      | 1 2 |  2.5
Throwing       | 1 2 |  2.5
Armour         | 1 2 |  2.5
Shields        | 1 2 |  2.5
Unarmed Combat | 1 2 |  2.5
Invocations    | 1 2 |  2.8
Evocations     | 1 2 |  2.5
Hexes          | 1 2 |  2.0
Summonings     | 1 2 |  2.0
Necromancy     | 1 2 |  2.0
Translocations | 1 2 |  2.0
Transmutations | 1 2 |  2.0
Fire Magic     | 1 2 |  2.0
Ice Magic      | 1 2 |  2.0
Earth Magic    | 1 2 |  2.0
Poison Magic   | 1 2 |  2.0
Dodging        | 5 |  5.2
Stealth        | |  4.9
Air Magic      | |  5.8

Action                   |  1- 3 |  4- 6 |  7- 9 || total
-------------------------+-------+-------+-------++-------
Melee: Unarmed           |       |     3 |       ||     3
       Scythe            |       |       |     7 ||     7
       Bite              |       |       |     1 ||     1
 Cast: Shock             |    41 |   100 |    44 ||   185
  Use: Scroll            |     1 |     3 |       ||     4
       Potion            |       |     2 |       ||     2
Armor: Robe              |     2 |    20 |     3 ||    25
Dodge: Dodged            |     7 |    28 |    19 ||    54

Table legend: (Time is in decaauts)
 A = Elapsed time spent in this place.
 B = Non-inter-level travel time spent in this place.
 C = Inter-level travel time spent in this place.
 D = Time resting spent in this place.
 E = Time spent auto-exploring this place.
 F = Levels seen in this place.
 G = Mean time per level.
                   A        B        C        D        E       F      G
               +--------+--------+--------+--------+--------+-----+--------+
         Total |   3304 |   3275 |     29 |    647 |   1873 |   7 |  472.0 |
       Dungeon |   2248 |   2248 |      0 |    397 |   1513 |   5 |  449.6 |
        Temple |    300 |    271 |     29 |    160 |     83 |   1 |  300.0 |
       Ossuary |    754 |    754 |      0 |     90 |    277 |   1 |  754.0 |
               +--------+--------+--------+--------+--------+-----+--------+

Top non-repeatable levels by time:
     D:4: 958 daAuts
 Ossuary: 754 daAuts
     D:5: 642 daAuts
     D:1: 528 daAuts
  Temple: 300 daAuts
     D:3: 98 daAuts
     D:2: 21 daAuts
